 Dungeon Crawl Stone Soup version 0.22-a0-358-g7563fe7 (webtiles) character file.

2169 Demitroll the Slasher (level 9, -5/65 HPs)
             Began as a Demonspawn Gladiator on Apr 18, 2018.
             Was an Elder of Okawaru.
             Slain by a hornet (8 damage)
             ... on level 7 of the Dungeon.
             The game lasted 00:13:18 (5182 turns).

Demitroll the Slasher (Demonspawn Gladiator)        Turns: 5182, Time: 00:13:18

Health: -5/65      AC:  7    Str: 15    XL:     9   Next: 11%
Magic:  10/10      EV: 13    Int: 13    God:    Okawaru [****..]
Gold:   397        SH:  6    Dex: 18    Spells: 8/8 levels left

rFire    . . .     SeeInvis .   l - +5 falchion
rCold    . . .     Gourm    .   (no shield)
rNeg     . . .     Faith    .   g - +0 ring mail
rPois    .         Spirit   .   c - +0 helmet
rElec    .         Reflect  .   (no cloak)
rCorr    .         Harm     .   (no gloves)
MR       .....                  (no boots)
Stlth    ++........             k - amulet of regeneration
HPRegen  0.60/turn              A - +4 ring of dexterity
MPRegen  0.12/turn              (no ring)

@: lethally poisoned (-5 -> -22), slowed, very slow
A: talons 2, large bone plates 2, demonic guardian 1
a: Heroism, Renounce Religion


You were on level 7 of the Dungeon.
You worshipped Okawaru.
Okawaru was greatly pleased with you.
You were not hungry.

You visited 2 branches of the dungeon, and saw 8 of its levels.

You collected 397 gold pieces.

Inventory:

Hand Weapons
 a - a +0 rapier
 e - a +2 falchion of freezing
 l - a +5 falchion (weapon)
 C - the +5 hunting sling of Hogrookui {freeze, Int+2}
   (You found it on level 4 of the Dungeon)

   It causes projectiles fired from it to freeze those they strike, causing
   extra injury to most foes and up to half again as much damage against
   particularly susceptible opponents.
   They can also slow down cold-blooded creatures.
   It affects your intelligence (+2).
Missiles
 d - a throwing net (quivered)
Armour
 c - a +0 helmet (worn)
 g - a +0 ring mail (worn)
Jewellery
 k - an amulet of regeneration (around neck)
 y - a cursed amulet of magic regeneration {unknown}
 A - a +4 ring of dexterity (left hand)
Wands
 B - a wand of clouds (2)
 D - a wand of polymorph (14)
Scrolls
 b - a scroll of identify
 h - 3 scrolls of remove curse
 i - 2 scrolls of fear
 m - a scroll of immolation
 n - a scroll of teleportation
 w - 2 scrolls of blinking
Potions
 j - a potion of haste {unknown}
 p - 2 potions of lignification {unknown}
 r - a potion of flight {unknown}
 s - a potion of magic {unknown}
 t - a potion of degeneration {unknown}
 v - a potion of heal wounds {unknown}
 F - a potion of mutation {unknown}
Comestibles
 f - 12 rations
 o - a chunk of flesh


   Skills:
 + Level 4.1 Fighting
 + Level 3.0(5.7) Short Blades
 * Level 7.7(8.0) Long Blades
 + Level 1.9 Throwing
 * Level 5.0 Armour
 + Level 4.4 Dodging
 + Level 1.9 Stealth
 + Level 1.9 Invocations
 + Level 0.1 Evocations


You had 8 spell levels left.
You didn't know any spells.

Dungeon Overview and Level Annotations

Branches:
Dungeon (7/15)             Temple (1/1) D:6

Altars:
Ashenzari
Cheibriados
Elyvilon
Fedhas
Gozag
Hepliaklqana
Kikubaaqudgha
Makhleb
Nemelex Xobeh
Okawaru
Qazlal
Ru
Trog
Uskayaw
Vehumet
Wu Jian
Xom
Yredelemnul
Zin
The Shining One


Innate Abilities, Weirdness & Mutations

You have razor-sharp toenails.
You are mostly covered in large bone plates. (SH +6)
A weak demonic guardian rushes to your aid.


Message History

You are more poisoned.
You suddenly lose the ability to move!
The hornet stings you.
You are more poisoned.
You feel yourself slow down.
You hear two shouts!
You feel yourself speed up.
You feel sick. The hornet stings you!
* * * LOW HITPOINT WARNING * * *
You feel yourself slow down.
You can move again.
Your magical effects are unravelling.
You feel magically purged.
You feel yourself speed up.
* * * LOW HITPOINT WARNING * * *
You feel very sick. The hornet stings you!
* * * LOW HITPOINT WARNING * * *
You are more poisoned.
You feel yourself slow down. The hornet stings you!
You die...

...#......# ....
...#......# ....
...#......# .....
..##......# .....
..#######.########......
...+......#......#.....♣
...#.............'...♣
...#............y#
...#............@#
..####...##....5.#
..####...##......#
.................#
.................#
.#.#.............#
##.#.............#
#.##.....##......#
#.#.##...##......#


You could see a hornet and a friendly shadow imp.

Vanquished Creatures
  Sigmund (D:5)
  Duvessa (D:6)
  2 orc warriors (D:6)
  A black bear (D:6)
  A centaur (D:6)
  A bullfrog (D:6)
  Dowan (D:6)
  2 scorpions (D:6)
  3 wights (D:6)
  4 howler monkeys
  2 crimson imps (D:5)
  A bullfrog skeleton (D:5)
  A gnoll shaman (D:6)
  5 orc priests
  2 hounds
  3 orc wizards
  2 worker ants
  A hound skeleton (D:6)
  6 gnolls
  6 adders
  A shadow imp (D:6)
  An ooze (D:2)
  An adder skeleton (D:5)
  3 worms
  2 dart slugs
  8 leopard geckos
  21 orcs
  3 bats
  4 giant cockroaches
  7 goblins
  8 hobgoblins
  3 jackals (D:1)
  10 kobolds
  4 quokkas
  4 frilled lizards
  A leopard gecko zombie (D:5)
  6 rats
133 creatures vanquished.

Vanquished Creatures (collateral kills)
  The ghost of Soeti the Insei, an amateur DgTm (D:4)
  2 sky beasts
  An ogre (D:4)
  A hound (D:4)
  An orc priest (D:3)
  An orc wizard (D:3)
  A worker ant (D:6)
  A gnoll (D:6)
  A shadow imp (D:5)
  An orc (D:3)
  2 goblins (D:3)
  2 quokkas
15 creatures vanquished.

Grand Total: 148 creatures vanquished

Notes
Turn   | Place    | Note
-------+----------+-------------------------------------------
     0 | D:1      | Demitroll the Demonspawn Gladiator began the quest for the Orb.
     0 | D:1      | Reached XP level 1. HP: 16/16 MP: 1/1
    19 | D:1      | Found an iron altar of Okawaru.
    39 | D:1      | Became a worshipper of Warmaster Okawaru
   126 | D:1      | Gained mutation: A weak demonic guardian rushes to your aid. [demonic ancestry]
   126 | D:1      | Reached XP level 2. HP: 6/22 MP: 2/2
  1128 | D:1      | Reached XP level 3. HP: 27/27 MP: 3/3
  1563 | D:2      | Reached skill level 1 in Long Blades
  1890 | D:2      | Reached skill level 1 in Armour
  2237 | D:3      | Reached XP level 4. HP: 33/33 MP: 4/4
  2276 | D:3      | Reached skill level 2 in Long Blades
  2409 | D:3      | Gained mutation: You are partially covered in large bone plates. (SH +4) [demonic ancestry]
  2409 | D:3      | Reached XP level 5. HP: 29/38 MP: 5/5
  2547 | D:3      | Found a faded altar of an unknown god.
  2547 | D:3      | Found a faded altar of an unknown god.
  2552 | D:3      | Found a shattered altar of Ashenzari.
  2554 | D:3      | Found an ancient bone altar of Kikubaaqudgha.
  2555 | D:3      | Found an opulent altar of Gozag.
  2826 | D:4      | Noticed Soeti's ghost (amateur DgTm)
  2845 | D:4      | Killed Soeti's ghost
  2845 | D:4      | Reached * piety under Okawaru
  2845 | D:4      | Reached ** piety under Okawaru
  2845 | D:4      | Reached skill level 3 in Long Blades
  2845 | D:4      | Gained mutation: You have sharp toenails. [demonic ancestry]
  2845 | D:4      | Reached XP level 6. HP: 23/46 MP: 6/6
  2855 | D:4      | Got a steaming hunting sling
  2856 | D:4      | Identified the +4 hunting sling of Doom {speed, rF+ Int+4} (You found it on level 4 of the Dungeon)
  3093 | D:4      | Got a faintly glowing hunting sling
  3094 | D:4      | Identified the +5 hunting sling of Hogrookui {freeze, Int+2} (You found it on level 4 of the Dungeon)
  3133 | D:4      | Reached skill level 4 in Long Blades
  3226 | D:5      | Entered Level 5 of the Dungeon
  3334 | D:5      | Gained mutation: You have razor-sharp toenails. [demonic ancestry]
  3334 | D:5      | Reached XP level 7. HP: 40/51 MP: 7/7
  3400 | D:5      | Found a burning altar of Makhleb.
  3400 | D:5      | Found a glowing silver altar of Zin.
  3401 | D:5      | Noticed an angel
  3401 | D:5      | Noticed a cacodemon
  3488 | D:5      | Noticed Sigmund
  3508 | D:5      | Killed Sigmund
  3508 | D:5      | Reached skill level 5 in Long Blades
  3625 | D:5      | Reached *** piety under Okawaru
  3625 | D:5      | Reached skill level 1 in Stealth
  3998 | D:6      | Reached XP level 8. HP: 30/58 MP: 5/8
  4043 | D:6      | Reached skill level 6 in Long Blades
  4262 | D:6      | Found a staircase to the Ecumenical Temple.
  4338 | D:6      | Reached skill level 1 in Invocations
  4353 | Temple   | Entered the Ecumenical Temple
  4471 | D:6      | Reached skill level 7 in Long Blades
  4751 | D:6      | Noticed Dowan
  4752 | D:6      | Noticed Duvessa
  4758 | D:6      | Killed Dowan
  4758 | D:6      | Reached **** piety under Okawaru
  4758 | D:6      | Gained mutation: You are mostly covered in large bone plates. (SH +6) [demonic ancestry]
  4758 | D:6      | Reached XP level 9. HP: 65/65 MP: 9/9
  4763 | D:6      | Killed Duvessa
  4763 | D:6      | Reached skill level 5 in Armour
  5054 | D:7      | Received a gift from Okawaru
  5178 | D:7      | Paralysed by a hornet for 1 turns
  5180 | D:7      | Paralysed by a hornet for 1 turns
  5182 | D:7      | HP: 3/65 [hornet (7)]
  5182 | D:7      | Slain by a hornet

Vault maps used:
D:1:      lightli_arrival_noodles, okawaru_ov_weapons_minmay
D:2:      serial_glass, glass_columns_c, glass_columns_a, item_on_display_a,
          due_unseen_surprise, item_on_display_a, item_on_display_a
D:3:      minmay_door_path, chequers_temple_overflow_minitemple
D:4:      first_ration
D:5:      grunt_temple_overflow_order_and_chaos_2, uniq_sigmund
D:6:      minmay_temple_entry_statues_fountains, minmay_misc_feat_more_columns,
          minmay_door_square, st_stairs_8, uniq_duvessa
D:7:      serial_shops, nicolae_shop_trees, grunt_decor_clamped,
          grunt_ministairs_14
Temple:   minmay_freezing_vapour_temple

Skill      XL: |  1  2  3  4  5  6  7  8  9 |
---------------+----------------------------+-----
Dodging        | 3 4 |  4.4
Short Blades   | 3 |  3.0
Long Blades    | 1 2 3 4 5 7 |  7.7
Armour         | 1 2 3 4 5 |  5.0
Fighting       | 3 4 |  4.1
Stealth        | 1 |  1.9
Invocations    | 1 |  1.9
Throwing       | |  1.9
Evocations     | |  0.1

Action                   |  1- 3 |  4- 6 |  7- 9 || total
-------------------------+-------+-------+-------++-------
Melee: Falchion          |   108 |   148 |   207 ||   463
       Rapier            |     6 |       |       ||     6
       Kick              |       |    17 |    84 ||   101
       Punch             |       |       |     1 ||     1
Throw: Throwing net      |     2 |     1 |       ||     3
Invok: Heroism           |       |       |     7 ||     7
Evoke: Wand              |       |       |     3 ||     3
  Use: Scroll            |     1 |     1 |     9 ||    11
       Potion            |       |       |     6 ||     6
 Stab: Held in net/web   |     1 |       |       ||     1
       Distracted        |       |     1 |       ||     1
       Sleeping          |       |     1 |     1 ||     2
       Confused          |       |       |     1 ||     1
  Eat: Chunk             |     4 |     4 |     6 ||    14
Armor: Leather armour    |     3 |       |       ||     3
       Ring mail         |    27 |    44 |    45 ||   116
Dodge: Dodged            |    62 |    89 |   115 ||   266
Block: Other             |       |    24 |    38 ||    62
       Rpst.: Falchion   |    13 |    29 |    34 ||    76

Table legend:
 A = Spawn XP
 B = Non-spawn XP
 C = Spawn XP percentage of total XP
 D = Spawn monster count
 E = Non-spawn monster count
 F = Spawn count percentage of total count
 G = Total turns spent on level
                    A         B        C        D         E        F      G
               +---------+---------+-------+---------+---------+-------+---------
         Total |       0 |    3099 |   0.0 |       0 |     148 |   0.0 |  5182
               +---------+---------+-------+---------+---------+-------+---------
           D:1 |       0 |      43 |   0.0 |       0 |      22 |   0.0 |  1370
           D:2 |       0 |      45 |   0.0 |       0 |      16 |   0.0 |   733
           D:3 |       0 |     174 |   0.0 |       0 |      34 |   0.0 |   642
           D:4 |       0 |     429 |   0.0 |       0 |      12 |   0.0 |   481
           D:5 |       0 |     716 |   0.0 |       0 |      20 |   0.0 |   757
           D:6 |       0 |    1538 |   0.0 |       0 |      41 |   0.0 |   903
           D:7 |       0 |     154 |   0.0 |       0 |       3 |   0.0 |   183
               +---------+---------+-------+---------+---------+-------+---------
